 Dungeon Crawl Stone Soup version 0.24.0-13-gcf9b3192b9 (webtiles) character file.

Game seed: 6467230772368911840, levelgen mode: deterministic

76 tilp the Insei (level 4, -4/28 HPs)
             Began as an Octopode Transmuter on Nov 8, 2019.
             Slain by a gnoll
             ... wielding a +0 club
              (7 damage)
             ... on level 2 of the Dungeon.
             The game lasted 00:04:45 (1881 turns).

tilp the Insei (Octopode Transmuter)                Turns: 1881, Time: 00:04:46

Health: -4/28      AC:  1    Str:  9    XL:     4   Next: 32%
Magic:  1/7        EV: 13    Int: 16    God:
Gold:   1          SH:  0    Dex: 15    Spells: 1/7 levels left

rFire    . . .     SeeInvis +     - Unarmed
rCold    . . .     Gourm    .   (no shield)
rNeg     . . .     Faith    .   (helmet restricted)
rPois    .         Spirit   .   (no amulet)
rElec    .         Reflect  .   d - ring of see invisible
rCorr    .         Harm     .   k - +3 ring of dexterity
MR       .....                  (no ring)
Stlth    ++........             (no ring)
HPRegen  0.09/turn              (no ring)
MPRegen  0.10/turn              (no ring)
                                (no ring)
                                (no ring)

@: appendage (expiring), very slightly contaminated
A: almost no armour, stealthy swim, amphibious, 8 rings, constrict 8, tentacle
spike 3, camouflage 1, gelatinous body 1
a: End Transformation


You were on level 2 of the Dungeon.
You were hungry.
One of your tentacles had a temporary spike.
You visited 1 branch of the dungeon, and saw 2 of its levels.

You collected 1 gold pieces.

Inventory:

Missiles
 a - 12 arrows
 h - 122 stones (quivered)
Jewellery
 d - a ring of see invisible (left tentacle)
 k - a +3 ring of dexterity (right tentacle)
 m - an uncursed amulet of guardian spirit {unknown}
 o - an uncursed amulet of harm {unknown}
Wands
 l - a wand of iceblast (6)
Scrolls
 f - a scroll of remove curse
 j - 4 scrolls of identify {unknown}
Potions
 b - a potion of haste
 e - a potion of curing
 g - a potion of resistance {unknown}
 n - a potion of degeneration {unknown}
Comestibles
 c - 3 rations
 i - 2 chunks of flesh


   Skills:
 - Level 1.0 Fighting
 - Level 2.0 Dodging
 + Level 4.1 Unarmed Combat
 - Level 2.0 Spellcasting
 + Level 3.4 Transmutations


You had one spell level left.
You knew the following spells:

 Your Spells              Type           Power        Failure   Level  Hunger
a - Beastly Appendage     Tmut           ##....       4%          1    #......
b - Sticks to Snakes      Tmut           ##......     8%          2    ###....
c - Spider Form           Tmut/Pois      #.........   30%         3    ###....

Your spell library contained the following spells:

 Spells                   Type           Power        Failure   Level  Hunger
 Ice Form                 Ice/Tmut       #.......     71%         4    #####..
 Blade Hands              Tmut           ##........   80%         5    ######.


Dungeon Overview and Level Annotations

Branches:
Dungeon (2/15)

Altars:
Zin


Innate Abilities, Weirdness & Mutations

You cannot wear most types of armour.
You are very stealthy in the water. (Stealth+)
You are amphibious.
You can wear up to eight rings at the same time.
You can use your tentacles to constrict eight enemies at once.
Your skin changes colour to match your surroundings (Stealth+).
Your rubbery body absorbs attacks. (AC +1, EV +1)
One of your tentacles bears a large vicious spike.


Message History

The gnoll hits you with a +0 club!
* * * LOW HITPOINT WARNING * * *
Unknown command.
Your transformation is almost over.
Your transformation has ended.
Casting: Spider Form (safe; 32% risk of failure)
Confirm with . or Enter, or press ? or * to list all spells.
One of your tentacles grows a vicious spike.
The gnoll barely misses you.
You barely miss the gnoll. You grab the gnoll. You squeeze the gnoll!
The gnoll is severely wounded.
You constrict the gnoll. The gnoll hits you with a +0 whip!
* * * LOW HITPOINT WARNING * * *
You tentacle-slap the gnoll.
You kill the gnoll!
You tentacle-slap the gnoll. Your grab misses the gnoll.
The gnoll is moderately wounded.
Your transformation is almost over.
The gnoll hits you with a +0 club!
You die...

######## ##......# #.......#
##### ###################.......#
#...#
..............gg@....>....###.#'#
########.#..#######.......##.....
.....##.........# #######.##.....
........#.#.###.# #†##.....
.....#..###..# #.#...#.#
.....##.#.#.###.# #.###....
.....#.....⌠....# #.......#
.####...###.#.#.# ########.....
)..##.#..#..###.# #.....##...#.


You could see 2 gnolls.

Vanquished Creatures
  A gnoll (D:2)
  An adder (D:2)
  4 worms (D:2)
  A dart slug (D:1)
  2 leopard geckos
  7 bats
  3 giant cockroaches
  3 goblins
  5 hobgoblins
  2 jackals (D:2)
  5 kobolds
  A ball python (D:2)
  3 frilled lizards (D:2)
  3 rats (D:2)
41 creatures vanquished.

Notes
Turn   | Place    | Note
-------+----------+-------------------------------------------
     0 | D:1      | tilp the Octopode Transmuter began the quest for the Orb.
     0 | D:1      | Reached XP level 1. HP: 13/13 MP: 3/3
   177 | D:1      | Reached XP level 2. HP: 8/18 MP: 3/5
   802 | D:2      | Reached XP level 3. HP: 18/23 MP: 6/6
   896 | D:2      | Learned a level 2 spell: Sticks to Snakes
   900 | D:2      | Learned a level 3 spell: Spider Form
   913 | D:2      | Noticed Sigmund
  1287 | D:2      | Found a glowing silver altar of Zin.
  1643 | D:2      | Reached skill level 4 in Unarmed Combat
  1643 | D:2      | Reached XP level 4. HP: 28/28 MP: 5/7
  1881 | D:2      | Slain by a gnoll

Levels and vault maps discovered:
D:1:      dpeg_arrival_windows_large_door, layout_rooms
D:2:      layout_basic, zin_academy, kennysheep_cross_bottleneck,
          minmay_heptomino_h4, uniq_sigmund

Skill      XL: |  1  2  3 |
---------------+----------+-----
Transmutations | 3 |  3.4
Unarmed Combat | 4 |  4.1
Fighting       | |  1.0
Dodging        | |  2.0
Spellcasting   | |  2.0

Action                   |  1- 3 |  4- 6 || total
-------------------------+-------+-------++-------
Melee: Unarmed           |    75 |    13 ||    88
       Constrict         |    26 |     4 ||    30
       Tentacles         |    15 |     2 ||    17
       Kick              |    20 |     6 ||    26
       Punch             |     1 |     1 ||     2
Throw: Stone             |     3 |       ||     3
 Cast: Beastly Appendage |    20 |     4 ||    24
       Spider Form       |       |     1 ||     1
  Use: Scroll            |     1 |       ||     1
       Potion            |     2 |       ||     2
 Stab: Sleeping          |     2 |       ||     2
  Eat: Chunk             |     3 |       ||     3
Armor: Skin              |    17 |       ||    17
Dodge: Dodged            |    54 |     7 ||    61
